 Dungeon Crawl Stone Soup version 0.23.2-30-g0e89c35649 (webtiles) character file.

Game seed: 16750341364437752263

206 dembora the Cutter (level 5, -8/38 HPs)
             Began as a Vampire Gladiator on June 22, 2019.
             Mangled by an ogre
             ... wielding a +0 giant club
              (19 damage)
             ... on level 4 of the Dungeon.
             The game lasted 00:16:29 (2727 turns).

dembora the Cutter (Vampire Gladiator)              Turns: 2727, Time: 00:16:30

Health: -8/38      AC:  8    Str: 14    XL:     5   Next: 53%
Magic:  5/5        EV: 11    Int: 11    God:
Gold:   101        SH:  0    Dex: 15    Spells: 4/4 levels left

rFire    + . .     SeeInvis +   v - +2 dagger (venom)
rCold    . . .     Gourm    .   (no shield)
rNeg     + . .     Faith    .   x - +1 scale mail {rF+}
rPois    .         Spirit   .   c - +0 helmet
rElec    .         Reflect  .   (no cloak)
rCorr    .         Harm     .   (no gloves)
MR       .....                  (no boots)
Stlth    ..........             (no amulet)
HPRegen  0.12/turn              (no ring)
MPRegen  0.09/turn              (no ring)

@: no status effects
A: fangs 3, see invisible, unbreathing
a: Bat Form


You were on level 4 of the Dungeon.
You were not thirsty.

You visited 1 branch of the dungeon, and saw 4 of its levels.

You collected 101 gold pieces.

Inventory:

Hand Weapons
 a - a +0 rapier
 p - a +1 dagger of flaming
 v - a +2 dagger of venom (weapon)
Missiles
 d - 5 throwing nets (quivered)
Armour
 b - a +0 leather armour
 c - a +0 helmet (worn)
 f - a +0 chain mail
 m - a +0 scale mail
 x - a +1 scale mail of fire resistance (worn)
Scrolls
 g - a scroll of enchant armour
 h - 4 scrolls of identify
 j - a scroll of amnesia
 k - 2 scrolls of teleportation
 q - a scroll of random uselessness {unknown}
 u - a scroll of magic mapping {unknown}
 w - a scroll of blinking {unknown}
Potions
 e - 17 potions of blood
 i - a potion of degeneration {unknown}
 l - 2 potions of heal wounds {unknown}
 n - a potion of might {unknown}
 o - a potion of flight {unknown}
 r - a potion of resistance {unknown}
 s - a potion of curing {unknown}
 t - 2 potions of berserk rage {unknown}
 z - a potion of agility {unknown}


   Skills:
 + Level 2.1 Fighting
 + Level 5.1 Short Blades
 + Level 1.7 Throwing
 + Level 2.4 Armour
 + Level 3.9 Dodging
 + Level 0.1 Stealth


You had 4 spell levels left.
You didn't know any spells.
Your spell library was empty.

Dungeon Overview and Level Annotations

Branches:
Dungeon (4/15)
 Temple: D:4-7

Altars:
Hepliaklqana
Wu Jian


Innate Abilities, Weirdness & Mutations

You have razor-sharp teeth.
You have supernaturally acute eyesight. (SInv)
You can survive without breathing.


Message History

You closely miss the ogre.
The ogre is moderately wounded.
You hit the ogre.
The ogre looks as sick as possible!
The ogre is moderately wounded.
The ogre hits you with a +0 giant club!!
Ouch! That really hurt!
* * * LOW HITPOINT WARNING * * *
You hit the ogre.
The ogre looks as sick as possible!
The ogre is heavily wounded.
You barely miss the ogre.
The ogre is heavily wounded.
The ogre barely misses you.
Your scale mail prevents you from hitting the ogre.
You bite the ogre.
The ogre is severely wounded.
You hit the ogre but do no damage.
The ogre looks as sick as possible!
The ogre is almost dead.
The ogre hits you with a +0 giant club!!
Ouch! That really hurt!
You die...

#..#######..
##.>........
#.........#
#.........#
#.........+
#.........#
#......?..###.
#..............
#.....@O.......
#......(......[
#.............#
##....<........
.........##.#...#
####.###.# .#....
... #.# .# ..
##.. #.# #. #.#


You could see an ogre.

Vanquished Creatures
  2 orc priests (D:3)
  An orc wizard (D:3)
  A bullfrog skeleton (D:3)
  An adder (D:3)
  5 leopard geckos
  10 orcs (D:3)
  A ball python (D:2)
  13 bats
  A giant cockroach (D:3)
  5 hobgoblins
  2 quokkas
  5 frilled lizards
  9 goblins
  A jackal skeleton (D:3)
  6 kobolds
  4 rats
67 creatures vanquished.

Notes
Turn   | Place    | Note
-------+----------+-------------------------------------------
     0 | D:1      | dembora the Vampire Gladiator began the quest for the Orb.
     0 | D:1      | Reached XP level 1. HP: 16/16 MP: 1/1
   488 | D:1      | Reached XP level 2. HP: 22/22 MP: 2/2
  1365 | D:2      | Found a hazy altar of Hepliaklqana.
  1365 | D:2      | Found an ornate altar of the Wu Jian Council.
  1545 | D:2      | Reached XP level 3. HP: 19/27 MP: 3/3
  1620 | D:2      | Reached skill level 4 in Short Blades
  1887 | D:3      | Reached skill level 1 in Armour
  1887 | D:3      | Reached XP level 4. HP: 19/33 MP: 4/4
  2269 | D:3      | Reached XP level 5. HP: 35/38 MP: 5/5
  2276 | D:3      | Reached skill level 5 in Short Blades
  2712 | D:4      | Noticed an ogre
  2727 | D:4      | Mangled by an ogre

Skill      XL: |  1  2  3  4  5 |
---------------+----------------+-----
Fighting       | 2 |  2.1
Short Blades   | 4 5 |  5.1
Armour         | 1 2 |  2.4
Throwing       | |  1.7
Dodging        | |  3.9
Stealth        | |  0.1

Action                   |  1- 3 |  4- 6 || total
-------------------------+-------+-------++-------
Melee: Rapier            |    95 |       ||    95
       Bite              |     5 |    17 ||    22
       Dagger            |    27 |   114 ||   141
  Use: Scroll            |     5 |       ||     5
       Potion            |     3 |     2 ||     5
Armor: Chain mail        |    91 |       ||    91
       Scale mail        |    62 |    22 ||    84
Dodge: Dodged            |   130 |    45 ||   175
